Map: Ever Dream LE

Players

Filho

  • Race: Protoss Protoss
  • League: Grandmaster
  • Spawn Location: 1:00

PrintSC - Winner!

  • Race: Terran Terran
  • League: Master
  • Spawn Location: 7:00

VOD

Have the link to the VOD?

Description

Time

  • Played on: March 30, 2020, 12:35 p.m.
  • Length: 8:29
Show
View Real Time Build Order
Export as new Build Order

Filho Protoss 

Build Orders: 1 Gate Expand, Blink Stalkers 

Get SALT Encoding   

  12  0:01  Probe  
  13  0:13  Probe  
  14  0:17  Pylon  
  14  0:25  Probe  
  15  0:36  Gateway  
  15  0:40  Probe (Chrono Boost)  
  16  0:46  Assimilator  
  17  0:50  Probe (Chrono Boost)  
  17  0:55  Probe (Chrono Boost)  
  18  1:07  Probe  
  19  1:25  Nexus  
  19  1:32  Cybernetics Core  
  19  1:36  Cybernetics Core  
  19  1:40  Probe  
  19  1:46  Assimilator  
  20  1:53  Probe (Chrono Boost)  
  21  1:56  Pylon  
  21  2:05  Probe (Chrono Boost)  
  22  2:12  Stalker (Chrono Boost)  
  22  2:13  Warp Gate, Probe  
  25  2:25  Probe  
  26  2:37  Probe  
  26  2:38  Probe  
  28  2:46  Twilight Council  
  28  2:51  Probe (Chrono Boost)  
  30  2:52  Stalker  
  30  2:53  Probe (Chrono Boost)  
  32  3:05  Probe (Chrono Boost)  
  33  3:06  Probe (Chrono Boost)  
  33  3:08  Gateway  
  34  3:19  Probe (Chrono Boost)  
  35  3:29  Probe  
  35  3:30  Probe  
  35  3:32  Gateway  
  37  3:41  Probe  
  36  3:44  Nexus  
  36  3:47  Probe  
  35  3:53  Probe  
  36  3:57  Blink (Chrono Boost)  
  36  3:59  Robotics Facility, Probe  
  37  4:05  Probe  
  37  4:09  Stalker  
  40  4:12  Probe  
  41  4:17  Probe  
  41  4:18  Sentry  
  44  4:25  Probe  
  44  4:26  Pylon  
  44  4:29  Pylon  
  45  4:33  Pylon  
  45  4:36  Probe  
  46  4:40  Assimilator  
  46  4:44  Stalker x2, Probe  
  51  4:48  Observer (Chrono Boost)  
  51  4:49  Probe  
  51  4:51  Shield Battery  
  53  4:56  Probe  
  51  5:07  Stalker  
  50  5:15  Probe x2  
  50  5:20  Probe (Chrono Boost)  
  53  5:24  Observer  
  53  5:28  Probe (Chrono Boost)  
  56  5:32  Probe (Chrono Boost)  
  56  5:33  Probe (Chrono Boost)  
  57  5:38  Forge, Probe (Chrono Boost)  
  57  5:39  Probe (Chrono Boost)  
  57  5:42  Probe (Chrono Boost)  
  60  5:43  Probe (Chrono Boost)  
  60  5:49  Pylon  
  62  5:50  Probe (Chrono Boost)  
  62  5:54  Immortal (Chrono Boost), Probe (Chrono Boost)  
  68  5:57  Sentry x2, Probe (Chrono Boost)  
  68  6:00  Probe (Chrono Boost)  
  68  6:01  Probe (Chrono Boost)  
  75  6:04  Probe (Chrono Boost)  
  75  6:05  Stalker  
  75  6:08  Probe  
  75  6:10  Probe  
  79  6:14  Gateway x2, Protoss Ground Armor Level 1  
  79  6:15  Probe  
  79  6:18  Gateway, Observer  
  80  6:22  Pylon  
  80  6:23  Probe  
  82  6:28  Probe  
  82  6:32  Shield Battery  
  82  6:33  Shield Battery  
  82  6:34  Gateway  
  82  6:37  Stalker x3  
  86  6:54  Pylon  
  86  6:56  Pylon, Immortal  
  90  7:06  Stalker x3  
  80  7:13  Zealot x3  
  71  7:19  Probe x3  
  64  7:31  Probe x3  
  64  7:36  Stalker x4  
  72  7:43  Probe x2  
  57  7:55  Probe (Chrono Boost)  
  60  8:01  Probe x2 (Chrono Boost)  
  60  8:05  Probe (Chrono Boost)  
  53  8:09  Probe (Chrono Boost)  
  53  8:10  Probe (Chrono Boost)  
  50  8:22  Stalker x2  
  50  8:23  Zealot, Stalker  
Show
View Real Time Build Order
Export as new Build Order

PrintSC Terran - Winner!

Build Orders: Reaper Expand 

Get SALT Encoding   

  12  0:00  SCV  
  13  0:12  SCV  
  14  0:17  Supply Depot  
  14  0:24  SCV  
  15  0:38  SCV  
  15  0:40  Barracks  
  16  0:44  Refinery  
  16  0:50  SCV  
  17  1:02  SCV  
  18  1:15  SCV  
  19  1:27  Orbital Command  
  19  1:28  Reaper  
  20  1:43  Command Center  
  20  1:53  SCV  
  21  1:58  Supply Depot  
  21  2:01  Marine  
  21  2:05  SCV  
  23  2:09  Refinery  
  23  2:19  SCV  
  23  2:22  Barracks Reactor, Factory  
  24  2:31  SCV  
  25  2:44  SCV  
  26  2:55  Orbital Command  
  26  2:56  SCV  
  26  2:57  Bunker  
  27  3:01  Marine x2  
  31  3:06  Hellion  
  31  3:07  Starport  
  31  3:13  SCV  
  31  3:19  Marine x2  
  34  3:22  SCV  
  36  3:27  Widow Mine  
  35  3:36  SCV  
  35  3:37  Marine x2, SCV  
  39  3:48  Medivac  
  41  3:49  Barracks  
  41  3:50  Widow Mine  
  41  3:51  SCV x2  
  41  3:54  Supply Depot  
  44  4:04  SCV x2  
  44  4:06  Barracks  
  46  4:11  Factory Tech Lab  
  46  4:14  Engineering Bay  
  46  4:16  Marine x2  
  48  4:18  SCV x2  
  50  4:25  Starport Tech Lab  
  50  4:28  Refinery  
  50  4:29  Supply Depot  
  50  4:30  SCV  
  51  4:36  SCV  
  51  4:38  Marine x2  
  52  4:39  Factory Reactor  
  52  4:41  Terran Infantry Weapons Level 1  
  52  4:42  Supply Depot  
  54  4:46  Stimpack  
  54  4:51  Raven, SCV  
  57  4:53  Marauder  
  57  4:54  Marine  
  57  4:57  SCV  
  61  5:03  Marine x2, SCV  
  64  5:09  SCV  
  64  5:12  Supply Depot x2  
  61  5:15  SCV  
  61  5:19  Marauder  
  64  5:21  SCV  
  64  5:22  Marine x2  
  64  5:27  SCV  
  68  5:31  Refinery, Widow Mine  
  68  5:33  SCV  
  71  5:39  Marine  
  71  5:40  Combat Shield, Marine, Marauder, Medivac x2  
  79  5:47  Marauder  
  81  5:50  SCV  
  81  5:51  SCV  
  81  5:55  Supply Depot  
  83  5:57  Marine x2, Supply Depot  
  85  6:08  Supply Depot  
  85  6:17  Marauder x2, Medivac, Widow Mine  
  93  6:19  Medivac  
  93  6:20  Marine x2  
  95  6:33  Command Center  
  99  6:40  Marine x2, Marauder x2  
  99  6:42  Widow Mine  
  103  6:58  Marine  
  105  7:01  Marauder x2  
  97  7:11  Marine  
  97  7:15  Barracks  
  95  7:16  Marine, Supply Depot, Barracks  
  90  7:23  Marauder  
  90  7:27  Marauder, Medivac  
  90  7:28  Marine  
  95  7:34  Marine  
  96  7:38  SCV  
  99  7:44  Marauder  
  99  7:46  Marine  
  99  7:47  Orbital Command  
  99  7:48  Marauder  
  96  7:51  Marine  
  95  8:05  Marine, Marauder  
  98  8:08  Barracks Tech Lab  
  98  8:09  Barracks  
  98  8:10  Barracks  
  98  8:12  Armory  
  96  8:13  Engineering Bay  
  96  8:15  Supply Depot  
Tags
 
Add a new tag
Caveats
  • Supply blocks, unpowered buildings, or Contaminate may cause inaccurate times.
  • Supply counts are checked every 10 seconds.